 Dungeon Crawl Stone Soup version 0.21.1-1-g345015fe64 (webtiles) character file.

287 Hercules1031 the Shield-Bearer (level 6, -6/53 HPs)
             Began as a Gnoll Fighter on June 21, 2018.
             Mangled by aaaaaaaaaaaaaaaaaa's ghost (12 damage)
             ... on level 4 of the Dungeon.
             The game lasted 00:12:36 (2480 turns).

Hercules1031 the Shield-Bearer (Gnoll Fighter)      Turns: 2480, Time: 00:12:37

Health: -6/53      AC: 12    Str: 21    XL:     6   Next: 30%
Magic:  8/8        EV:  9    Int: 10    God:
Gold:   194        SH: 11    Dex: 14    Spells: 8/8 levels left

rFire    . . .     SeeInvis .   i - +2 spear (pierce)
rCold    . . .     Gourm    .   c - +0 shield
rNeg     . . .     Faith    .   b - +0 scale mail
rPois    .         Spirit   .   (no helmet)
rElec    .         Reflect  .   (no cloak)
rCorr    .         Harm     .   l - +0 pair of gloves
MR       .....                  e - +2 pair of boots
Stlth    +.........             (no amulet)
HPRegen  0.17/turn              (no ring)
MPRegen  0.11/turn              (no ring)

@: no status effects
A: distributed training, fangs 1, strong nose
a: no special abilities


You were on level 4 of the Dungeon.
You were not hungry.

You visited 1 branch of the dungeon, and saw 4 of its levels.

You collected 194 gold pieces.

Inventory:

Hand Weapons
 a - a +1 war axe
 h - a +4 spear
 i - a +2 spear of piercing (weapon)
 j - a +0 short sword of venom
 m - a +0 mace of draining
Armour
 b - a +0 scale mail (worn)
 c - a +0 shield (worn)
 e - a +2 pair of boots (worn)
 g - a +0 chain mail
 l - a +0 pair of gloves (worn)
Scrolls
 k - a scroll of magic mapping
Potions
 d - a potion of might
Comestibles
 f - 7 rations


   Skills:
 + Level 6.8 Fighting
 + Level 1.8 Short Blades
 + Level 1.8 Long Blades
 + Level 4.9 Axes
 + Level 1.8 Maces & Flails
 + Level 1.8 Polearms
 + Level 1.8 Staves
 + Level 1.8 Slings
 + Level 1.8 Bows
 + Level 1.8 Crossbows
 + Level 1.8 Throwing
 + Level 6.8 Armour
 + Level 1.8 Dodging
 + Level 1.8 Stealth
 + Level 6.8 Shields
 + Level 1.8 Unarmed Combat
 + Level 1.8 Spellcasting
 + Level 1.4 Conjurations
 + Level 1.4 Hexes
 + Level 1.4 Charms
 + Level 1.4 Summonings
 + Level 1.4 Necromancy
 + Level 1.4 Translocations
 + Level 1.4 Transmutations
 + Level 1.4 Fire Magic
 + Level 1.4 Ice Magic
 + Level 1.4 Air Magic
 + Level 1.4 Earth Magic
 + Level 1.4 Poison Magic
 + Level 2.0 Invocations
 + Level 1.8 Evocations


You had 8 spell levels left.
You didn't know any spells.

Dungeon Overview and Level Annotations

Branches:
Dungeon (4/15)
 Temple: D:4-7

Altars:

Annotations:
D:4 aaaaaaaaaaaaaaaaaa's ghost, novice TrMo


Innate Abilities, Weirdness & Mutations

Your experience applies equally to all skills.
You have very sharp teeth.
Your uncanny sense of smell can sniff out nearby items.


Message History

The orc closely misses you. You block the orc's attack.
Something hits you but does no damage. Aaaaaaaaaaaaaaaaaa's ghost hits you.
You miss aaaaaaaaaaaaaaaaaa's ghost.
Aaaaaaaaaaaaaaaaaa's ghost is lightly damaged.
The orc closely misses you. The orc misses you.
Something hits you but does no damage. Aaaaaaaaaaaaaaaaaa's ghost hits you.
* * * LOW HITPOINT WARNING * * *
The orc closely misses you.
You hit aaaaaaaaaaaaaaaaaa's ghost.
Aaaaaaaaaaaaaaaaaa's ghost is lightly damaged.
You hear some strange, mumbled words.
A magic dart appears from out of thin air!
The magic dart hits you!
* * * LOW HITPOINT WARNING * * *
You block the orc's attack.
Aaaaaaaaaaaaaaaaaa's ghost hits you but does no damage.
The orc hits you.
* * * LOW HITPOINT WARNING * * *
You block the orc's attack. Aaaaaaaaaaaaaaaaaa's ghost hits you!
You die...

#........
#........
#.......#
#......!# .
#....%..# #..
#.......# ..
#......o##.####
#@{.......
#Wo#..###
#......))..##
..#####$####
... #..# #.##
.. #.#


You could see aaaaaaaaaaaaaaaaaa's ghost and 2 orcs.

Vanquished Creatures
  A crimson imp (D:3)
  An orc priest (D:3)
  3 adders
  10 gnolls
  2 worms
  A dart slug (D:1)
  4 leopard geckos
  11 orcs
  12 bats
  6 giant cockroaches
  8 goblins
  4 hobgoblins
  9 kobolds
  A ball python (D:2)
  3 frilled lizards (D:1)
  9 rats
85 creatures vanquished.

Notes
Turn   | Place    | Note
-------+----------+-------------------------------------------
     0 | D:1      | Hercules1031 the Gnoll Fighter began the quest for the Orb.
     0 | D:1      | Reached XP level 1. HP: 23/23 MP: 1/1
    64 | D:1      | Reached XP level 2. HP: 25/29 MP: 2/2
   422 | D:1      | Reached XP level 3. HP: 35/35 MP: 3/3
   630 | D:2      | Reached skill level 1 in Invocations
   767 | D:2      | Reached skill level 1 in Short Blades
   767 | D:2      | Reached skill level 1 in Long Blades
   767 | D:2      | Reached skill level 1 in Maces & Flails
   767 | D:2      | Reached skill level 1 in Polearms
   767 | D:2      | Reached skill level 1 in Staves
   767 | D:2      | Reached skill level 1 in Slings
   767 | D:2      | Reached skill level 1 in Bows
   767 | D:2      | Reached skill level 1 in Crossbows
   767 | D:2      | Reached skill level 1 in Throwing
   767 | D:2      | Reached skill level 1 in Dodging
   767 | D:2      | Reached skill level 1 in Stealth
   767 | D:2      | Reached skill level 1 in Unarmed Combat
   767 | D:2      | Reached skill level 1 in Spellcasting
   767 | D:2      | Reached skill level 1 in Evocations
   771 | D:2      | Reached XP level 4. HP: 8/41 MP: 5/5
  1097 | D:2      | Reached skill level 1 in Conjurations
  1097 | D:2      | Reached skill level 1 in Hexes
  1097 | D:2      | Reached skill level 1 in Charms
  1097 | D:2      | Reached skill level 1 in Summonings
  1097 | D:2      | Reached skill level 1 in Necromancy
  1097 | D:2      | Reached skill level 1 in Translocations
  1097 | D:2      | Reached skill level 1 in Transmutations
  1097 | D:2      | Reached skill level 1 in Fire Magic
  1097 | D:2      | Reached skill level 1 in Ice Magic
  1097 | D:2      | Reached skill level 1 in Air Magic
  1097 | D:2      | Reached skill level 1 in Earth Magic
  1097 | D:2      | Reached skill level 1 in Poison Magic
  1522 | D:3      | Reached XP level 5. HP: 47/47 MP: 6/6
  1737 | D:3      | Reached XP level 6. HP: 53/53 MP: 8/8
  2460 | D:4      | Noticed aaaaaaaaaaaaaaaaaa's ghost (novice TrMo)
  2480 | D:4      | Mangled by aaaaaaaaaaaaaaaaaa's ghost

Skill      XL: |  1  2  3  4  5  6 |
---------------+-------------------+-----
Invocations    | 1 2 |  2.0
Short Blades   | 1 |  1.8
Long Blades    | 1 |  1.8
Maces & Flails | 1 |  1.8
Polearms       | 1 |  1.8
Staves         | 1 |  1.8
Slings         | 1 |  1.8
Bows           | 1 |  1.8
Crossbows      | 1 |  1.8
Throwing       | 1 |  1.8
Dodging        | 1 |  1.8
Stealth        | 1 |  1.8
Unarmed Combat | 1 |  1.8
Spellcasting   | 1 |  1.8
Evocations     | 1 |  1.8
Conjurations   | 1 |  1.4
Hexes          | 1 |  1.4
Charms         | 1 |  1.4
Summonings     | 1 |  1.4
Necromancy     | 1 |  1.4
Translocations | 1 |  1.4
Transmutations | 1 |  1.4
Fire Magic     | 1 |  1.4
Ice Magic      | 1 |  1.4
Air Magic      | 1 |  1.4
Earth Magic    | 1 |  1.4
Poison Magic   | 1 |  1.4
Fighting       | |  6.8
Axes           | |  4.9
Armour         | |  6.8
Shields        | |  6.8

Action                   |  1- 3 |  4- 6 || total
-------------------------+-------+-------++-------
Melee: War axe           |    31 |       ||    31
       Bite              |    12 |    21 ||    33
       Spear             |    57 |   188 ||   245
  Use: Scroll            |     6 |     5 ||    11
       Potion            |     2 |     2 ||     4
  Eat: Ration            |       |     2 ||     2
Armor: Scale mail        |    64 |    86 ||   150
Dodge: Dodged            |    48 |    57 ||   105
Block: Shield            |    78 |   135 ||   213
